Map: El Dorado

Players

Jackkhusky

  • Race: Terran Terran
  • League: Bronze
  • Spawn Location: 5:00

iPlayDefense - Winner!

  • Race: Terran Terran
  • League: Silver
  • Spawn Location: 7:00

VOD

Have the link to the VOD?

Description

Time

  • Played on: April 18, 2025, 1:09 p.m.
  • Length: 48:55
Show
View Real Time Build Order
Export as new Build Order

Jackkhusky Terran 

Build Orders:  

Get SALT Encoding   

  12  0:02  SCV  
  13  0:14  SCV  
  14  0:25  Supply Depot  
  14  0:32  Supply Depot, SCV  
  15  0:46  SCV  
  16  0:58  SCV  
  17  1:10  SCV  
  18  1:12  Barracks  
  18  1:16  Refinery  
  18  1:21  Refinery  
  18  1:23  SCV  
  19  1:34  Supply Depot  
  19  1:35  SCV  
  21  1:47  SCV  
  21  1:59  SCV, Marine  
  23  2:11  SCV  
  23  2:13  Bunker  
  24  2:17  Marine  
  24  2:18  Supply Depot  
  25  2:23  Supply Depot, SCV  
  26  2:35  SCV, Marine, Engineering Bay  
  28  2:53  SCV, Marine, Factory  
  30  3:05  SCV  
  30  3:10  Marine  
  32  3:17  SCV  
  33  3:28  Marine  
  33  3:30  SCV  
  35  3:37  Command Center  
  35  3:38  Factory Tech Lab  
  35  3:42  SCV  
  35  3:46  Marine  
  37  3:54  SCV  
  38  3:57  Siege Tank  
  41  4:06  SCV  
  42  4:12  Missile Turret  
  42  4:16  Missile Turret  
  42  4:18  SCV  
  42  4:22  Missile Turret  
  43  4:29  Siege Tank  
  43  4:30  SCV, Missile Turret  
  47  4:34  Missile Turret  
  47  4:37  Missile Turret  
  47  4:42  SCV  
  47  4:44  Missile Turret  
  48  4:49  Missile Turret  
  48  4:53  SCV  
  48  4:54  SCV  
  50  5:05  SCV  
  50  5:06  Siege Tank, SCV  
  55  5:38  Siege Tank  
  55  5:40  Command Center  
  58  5:58  Missile Turret  
  58  6:00  Missile Turret  
  52  6:06  Missile Turret  
  52  6:10  Siege Tank, Missile Turret  
  55  6:14  Missile Turret  
  55  6:21  Missile Turret  
  55  6:25  Missile Turret  
  55  6:28  Missile Turret  
  55  6:32  Missile Turret  
  55  6:37  Missile Turret  
  55  6:43  Missile Turret  
  55  6:53  Siege Tank  
  58  7:03  Orbital Command  
  58  7:11  Orbital Command  
  58  7:25  Siege Tank  
  58  7:26  Missile Turret  
  61  7:33  Missile Turret  
  61  7:39  Missile Turret  
  61  7:47  Missile Turret  
  61  7:55  Missile Turret  
  61  8:02  Missile Turret  
  61  8:16  Siege Tank  
  64  8:29  SCV  
  65  8:41  SCV  
  66  8:46  Infernal Pre-Igniter  
  66  8:53  SCV  
  67  8:56  Siege Tank  
  70  9:03  Hi-Sec Auto Tracking  
  70  9:05  SCV  
  71  9:12  Missile Turret  
  71  9:16  Missile Turret  
  71  9:17  SCV  
  71  9:22  Missile Turret  
  72  9:27  Missile Turret  
  72  9:29  SCV  
  73  9:33  Missile Turret  
  73  9:39  Supply Depot  
  73  9:45  Supply Depot  
  73  9:54  Armory  
  73  10:06  Factory  
  73  10:16  Missile Turret  
  73  10:21  Missile Turret  
  73  10:27  Missile Turret  
  73  10:33  Missile Turret  
  73  10:39  Missile Turret  
  73  10:42  Missile Turret  
  73  10:53  Siege Tank  
  76  11:08  Factory Reactor  
  76  11:26  Siege Tank  
  76  11:31  SCV  
  80  11:43  SCV  
  81  11:54  Command Center  
  81  11:55  SCV  
  82  12:04  Widow Mine x2  
  82  12:05  Widow Mine  
  82  12:07  SCV  
  89  12:19  SCV  
  90  12:25  Widow Mine  
  90  12:26  Widow Mine x2  
  90  12:27  Neosteel Armor  
  96  12:31  SCV  
  97  12:41  Terran Vehicle Weapons Level 1  
  97  12:47  Widow Mine x3  
  103  13:08  Widow Mine  
  105  13:16  SCV  
  106  13:24  SCV  
  107  13:28  SCV  
  107  13:30  Refinery  
  108  13:36  SCV  
  108  13:39  Mag-Field Accelerator  
  108  13:40  SCV  
  110  13:43  Widow Mine x2  
  110  13:44  Widow Mine  
  116  13:49  SCV  
  116  13:52  SCV  
  116  13:55  Refinery  
  118  14:01  SCV  
  119  14:04  SCV, Widow Mine  
  119  14:05  Refinery, Widow Mine x2  
  119  14:09  Refinery  
  111  14:26  Widow Mine x2  
  111  14:27  Widow Mine  
  116  14:47  Widow Mine  
  116  14:50  Missile Turret  
  116  14:52  Missile Turret  
  118  14:59  Missile Turret  
  118  15:00  Missile Turret  
  117  15:26  Widow Mine  
  117  15:27  Widow Mine x2  
  123  15:33  Orbital Command  
  123  15:48  Widow Mine  
  125  16:12  Widow Mine  
  125  16:13  Widow Mine  
  125  16:57  Widow Mine x3  
  131  17:19  Widow Mine x3  
  137  17:31  Refinery  
  137  17:40  Widow Mine x3  
  143  17:55  SCV  
  144  18:01  Widow Mine x2  
  138  18:51  Missile Turret  
  138  18:53  Missile Turret  
  94  20:07  Siege Tank  
  97  20:29  Missile Turret  
  97  20:38  Missile Turret  
  97  20:39  Siege Tank  
  100  20:48  Missile Turret  
  100  21:00  Missile Turret  
  100  21:09  Missile Turret  
  100  21:11  Siege Tank  
  100  21:15  Missile Turret  
  103  21:44  Siege Tank  
  106  21:55  Missile Turret  
  106  22:01  Missile Turret  
  106  22:10  Missile Turret  
  106  22:16  Siege Tank  
  106  22:20  Missile Turret  
  109  22:48  Siege Tank  
  109  22:49  Sensor Tower  
  112  23:47  Missile Turret  
  112  23:52  Missile Turret  
  111  24:31  Orbital Command  
  111  24:42  Missile Turret  
  111  24:48  Missile Turret  
  111  24:50  Missile Turret  
  111  24:51  Missile Turret  
  111  24:54  Missile Turret  
  111  24:59  Missile Turret  
  111  25:01  Missile Turret  
  111  25:08  Missile Turret  
  111  25:10  Missile Turret  
  111  25:16  Missile Turret  
  111  25:20  Missile Turret  
  111  25:24  Missile Turret  
  111  25:29  Missile Turret  
  111  25:35  Missile Turret  
  111  25:41  Missile Turret  
  111  25:53  Missile Turret  
  111  25:57  Missile Turret  
  111  26:06  Missile Turret  
  111  26:10  Missile Turret  
  111  26:14  Missile Turret  
  111  26:17  Missile Turret  
  111  26:20  Missile Turret  
  111  26:21  Missile Turret  
  111  26:25  Missile Turret  
  111  26:33  Missile Turret  
  111  26:37  Missile Turret  
  111  26:41  Missile Turret  
  111  26:44  Missile Turret  
  111  26:49  Missile Turret  
  111  26:56  Widow Mine x3  
  117  27:17  Widow Mine x2  
  121  27:27  Widow Mine  
  123  27:39  Widow Mine x2  
  127  27:49  Widow Mine  
  129  28:00  Widow Mine x2  
  133  28:10  Widow Mine  
  135  28:14  Command Center  
  135  28:21  Widow Mine  
  135  28:22  Widow Mine  
  139  28:32  Widow Mine  
  141  28:35  Refinery  
  141  28:39  Refinery  
  141  28:43  Missile Turret, Widow Mine x2  
  141  28:45  Missile Turret  
  145  28:52  Missile Turret  
  145  28:53  Widow Mine  
  147  28:57  Missile Turret  
  147  29:04  Widow Mine  
  149  29:24  Widow Mine x2  
  148  29:52  Siege Tank  
  151  30:17  Missile Turret  
  151  30:21  Missile Turret  
  151  30:25  Missile Turret  
  151  30:27  Missile Turret  
  151  30:32  Missile Turret  
  151  30:35  Missile Turret  
  151  30:38  Missile Turret  
  122  31:20  Missile Turret  
  122  31:24  Missile Turret  
  122  31:28  Missile Turret  
  122  31:35  Missile Turret  
  122  31:41  Missile Turret  
  122  32:21  Missile Turret  
  122  32:30  Missile Turret  
  122  32:42  Sensor Tower  
  122  32:59  Siege Tank  
  125  34:01  Missile Turret  
  125  35:32  Missile Turret  
  125  35:52  Missile Turret  
  125  35:58  Missile Turret  
  125  36:01  Missile Turret  
  125  36:07  Missile Turret  
  125  36:11  Missile Turret  
  125  36:39  Widow Mine x2  
  129  36:42  Widow Mine  
  125  37:00  Widow Mine  
  95  38:05  Orbital Command, SCV  
  96  38:17  SCV  
  97  38:29  SCV  
  98  38:39  Orbital Command  
  98  38:41  SCV  
  99  38:53  SCV  
  100  39:06  SCV, Widow Mine  
  100  39:07  Widow Mine x2  
  107  39:53  Siege Tank  
  110  40:20  Missile Turret  
  110  40:23  Missile Turret  
  110  40:25  Siege Tank  
  113  40:30  Missile Turret  
  113  40:31  Missile Turret  
  113  40:57  Siege Tank  
  116  41:29  Orbital Command, Siege Tank  
  116  41:32  Missile Turret  
  119  41:35  Missile Turret  
  119  42:24  Widow Mine  
  119  42:25  Widow Mine  
  123  42:31  SCV  
  124  42:43  SCV  
  110  43:29  Engineering Bay  
  110  43:58  Missile Turret  
  110  44:04  Missile Turret  
  110  44:07  Missile Turret  
  110  44:12  Missile Turret  
  110  44:18  Missile Turret  
  110  45:18  Supply Depot  
  110  45:23  Supply Depot  
  110  45:29  Supply Depot  
  110  45:39  Supply Depot  
  110  45:57  Supply Depot  
  110  46:32  Orbital Command  
  110  47:03  SCV  
  57  47:15  SCV  
Show
View Real Time Build Order
Export as new Build Order

iPlayDefense Terran - Winner!

Build Orders:  

Get SALT Encoding   

  12  0:00  SCV  
  13  0:16  Supply Depot  
  13  0:18  SCV  
  14  0:30  SCV  
  15  0:42  SCV  
  16  0:43  Refinery  
  16  0:54  SCV  
  16  0:55  Barracks  
  17  1:06  SCV  
  18  1:18  SCV  
  19  1:27  Refinery  
  19  1:37  Supply Depot  
  19  1:42  Barracks Reactor  
  19  1:44  Orbital Command  
  19  1:57  Barracks  
  19  2:02  Barracks  
  19  2:11  SCV  
  20  2:22  Marine x2  
  22  2:23  SCV  
  23  2:35  SCV  
  24  2:39  Marine x2  
  26  2:44  Factory  
  26  2:47  SCV  
  27  2:52  Barracks Tech Lab  
  27  3:10  Barracks Tech Lab  
  27  3:13  Stimpack  
  27  3:34  Command Center  
  27  3:35  Marine x3  
  27  3:36  Marine  
  27  3:41  Combat Shield  
  31  3:44  Factory Tech Lab  
  31  3:52  Engineering Bay  
  31  3:54  Supply Depot  
  31  4:15  Siege Tank, Marine x2  
  36  4:28  Marine x2  
  38  4:33  Marine  
  39  4:38  Supply Depot  
  39  4:46  Orbital Command, Marine x3  
  39  4:48  Siege Tank  
  45  5:00  Starport  
  45  5:01  Supply Depot  
  45  5:04  Refinery  
  45  5:20  SCV x2  
  47  5:27  Refinery  
  47  5:32  SCV  
  47  5:33  SCV  
  49  5:38  Starport Reactor  
  49  5:45  SCV x2  
  49  5:48  Missile Turret  
  49  5:49  Missile Turret  
  51  5:50  Missile Turret x2  
  51  5:53  Supply Depot  
  51  6:06  Bunker  
  51  6:10  SCV x2  
  53  6:11  Marine  
  53  6:12  Marine  
  55  6:22  Supply Depot, SCV x2  
  55  6:24  Terran Infantry Weapons Level 1  
  57  6:34  SCV x2  
  59  6:46  SCV x2  
  61  6:56  Factory  
  61  6:58  SCV  
  61  6:59  SCV  
  63  7:02  Medivac x2  
  67  7:15  Command Center  
  67  7:31  SCV x2  
  67  7:32  Medivac x2  
  67  7:33  Marine x4  
  77  7:43  SCV  
  77  7:44  SCV  
  79  7:50  Armory  
  79  7:51  Supply Depot, Marine x2  
  79  7:55  SCV  
  79  7:56  SCV  
  83  8:14  Supply Depot, Factory Tech Lab  
  83  8:18  Terran Infantry Armor Level 1  
  83  8:27  Orbital Command  
  83  8:30  SCV x2  
  85  8:37  Supply Depot  
  85  8:38  Thor  
  85  8:39  Thor  
  97  8:42  SCV x2  
  99  8:49  Refinery  
  99  8:54  SCV x2  
  101  9:00  SCV  
  102  9:06  SCV x2, Viking  
  102  9:07  Viking  
  108  9:12  SCV, Refinery  
  109  9:18  SCV x2  
  109  9:21  Thor  
  117  9:31  SCV x2  
  117  9:32  SCV  
  117  9:36  Viking  
  122  9:43  SCV  
  122  9:44  SCV x2  
  125  10:44  Terran Ship Weapons Level 1  
  125  11:12  Supply Depot  
  125  11:22  Missile Turret  
  125  11:26  Missile Turret  
  125  11:27  Missile Turret  
  125  11:32  Supply Depot  
  125  11:33  Viking x2  
  125  11:35  Supply Depot  
  129  11:54  Thor x2  
  129  11:56  Supply Depot  
  141  12:03  Viking x2  
  141  12:05  Supply Depot  
  145  12:18  Supply Depot  
  145  12:28  Supply Depot  
  145  12:33  Viking x2  
  145  12:37  Thor x2  
  149  12:38  Terran Vehicle Weapons Level 1  
  149  12:40  Supply Depot  
  161  13:03  Viking x2  
  165  13:19  Thor x2  
  177  13:45  Command Center  
  177  13:56  Supply Depot  
  177  14:00  Supply Depot  
  177  14:02  Thor x2  
  189  14:17  Viking x2  
  193  14:33  Terran Vehicle And Ship Armor Level 1  
  193  14:47  Viking x2  
  197  15:02  Planetary Fortress  
  197  15:17  Viking  
  199  16:03  Refinery  
  174  16:20  Thor  
  174  16:21  Thor  
  186  16:29  Refinery  
  186  17:03  Thor  
  186  17:04  Thor  
  198  17:08  Starport  
  198  17:09  Starport  
  198  17:47  Ghost Academy  
  198  18:07  Starport Reactor  
  109  19:29  Starport Tech Lab  
  109  19:33  Starport Tech Lab  
  109  19:34  Nuke  
  109  19:36  Ghost  
  112  19:59  Terran Vehicle Weapons Level 2  
  112  20:01  Terran Infantry Weapons Level 2  
  112  20:02  Fusion Core  
  112  20:08  Marine  
  112  20:09  Marine x3  
  116  20:19  Starport Tech Lab  
  116  20:26  Marine x4  
  120  20:34  Personal Cloaking  
  120  20:44  Marine x4  
  121  21:01  Battlecruiser x2, Marine  
  121  21:02  Battlecruiser, Marine x3  
  143  21:20  Marine, Starport  
  143  21:21  Ghost  
  147  21:59  Starport  
  147  22:05  Battlecruiser  
  147  22:06  Battlecruiser x2  
  165  22:15  Terran Ship Weapons Level 2  
  165  22:17  Terran Infantry Armor Level 2  
  165  22:23  Starport Tech Lab  
  165  22:43  Ghost  
  165  23:09  Battlecruiser  
  165  23:10  Battlecruiser x2  
  183  23:39  Starport Tech Lab  
  183  23:44  Refinery  
  183  23:45  Refinery, Command Center  
  183  23:57  Battlecruiser  
  183  23:58  Battlecruiser  
  165  24:30  Terran Vehicle And Ship Armor Level 2  
  159  24:33  Hi-Sec Auto Tracking  
  159  24:37  Marine x4  
  145  24:55  Marine x4  
  149  25:12  Marine  
  149  25:13  Marine x3  
  153  25:19  Command Center  
  153  25:24  Refinery  
  153  25:28  Refinery  
  153  25:30  Marine, Neosteel Armor  
  153  25:31  Marine x3  
  145  25:49  Marine x2  
  147  25:52  Marine  
  147  25:53  Marine  
  149  26:06  Marine x2  
  149  26:10  Marine x2  
  153  26:11  Barracks  
  153  26:24  Marine x2  
  155  26:28  Marine x2  
  157  26:42  Marine x2  
  157  26:46  Marine x2  
  161  27:00  Marine x2, Barracks  
  163  27:01  Planetary Fortress  
  163  27:04  Planetary Fortress  
  163  27:18  Marine x4  
  167  27:23  Terran Infantry Weapons Level 3  
  167  27:26  Terran Vehicle Weapons Level 3  
  167  27:36  Marine x4  
  171  27:48  Barracks Reactor x2  
  171  27:53  Marine  
  171  27:54  Marine x3  
  175  28:11  Marine  
  175  28:12  Marine x3  
  179  28:20  Medivac x3  
  179  28:21  Medivac x2  
  189  28:30  Marine x2  
  191  28:50  Medivac x3  
  191  30:00  Terran Infantry Armor Level 3  
  191  30:03  Terran Vehicle And Ship Armor Level 3  
  67  31:12  Marine x8  
  75  31:19  Medivac x5  
  85  31:29  Marine  
  85  31:30  Marine x7  
  93  31:35  Hellion x2  
  97  31:47  Marine  
  97  31:48  Marine x7  
  97  31:49  Medivac x5  
  115  31:56  Hellion  
  115  31:57  Hellion  
  119  32:05  Marine  
  119  32:06  Marine x7  
  127  32:11  Command Center  
  127  32:17  Hellion  
  127  32:18  Hellion  
  127  32:19  Medivac x2  
  135  32:24  Marine x2  
  135  32:27  Refinery  
  135  32:29  Refinery  
  137  32:34  Marine  
  137  32:35  Marine x5  
  143  32:39  Hellion x2  
  143  32:40  Terran Ship Weapons Level 3  
  143  32:41  Marine x2  
  149  32:52  Marine  
  149  32:53  Marine x5  
  155  32:59  Marine x2  
  155  33:00  Hellion  
  155  33:01  Hellion  
  161  33:10  Marine  
  161  33:11  Marine x5  
  167  33:17  Marine x2  
  169  33:23  Planetary Fortress  
  169  33:28  Marine x3  
  169  33:29  Marine x3  
  175  33:35  Marine x2  
  177  34:18  Marine  
  177  34:19  Marine x7  
  185  34:36  Marine  
  185  34:37  Marine x7  
  193  34:54  Marine x6  
  193  34:55  Marine  
  131  37:06  Battlecruiser  
  131  37:07  Battlecruiser x4  
  103  37:51  Command Center  
  97  38:11  Battlecruiser x5  
  127  39:10  Refinery  
  127  39:15  Battlecruiser  
  127  39:16  Battlecruiser x4  
  157  39:33  Refinery  
  157  40:19  Battlecruiser  
  157  40:20  Battlecruiser x4  
  187  41:13  Refinery  
  187  41:20  Refinery  
  187  41:23  Battlecruiser  
  187  41:24  Battlecruiser  
  145  44:16  Battlecruiser  
  175  44:17  Battlecruiser x4  
  175  44:55  Command Center  
  175  44:59  Refinery  
  174  45:20  Battlecruiser  
  174  45:21  Battlecruiser x3  
  186  47:35  Marine  
  186  47:36  Marine x7  
  158  47:53  Marine  
  158  47:54  Marine x7  
  147  48:11  Marine x4  
  147  48:12  Marine x4  
  129  48:29  Marine x8  
Tags
 
Matchup
TvT
Race
Terran
Replay Pack
Dave SC2 II
Spawn Locations
Close Positions
Add a new tag
Caveats
  • Supply blocks, unpowered buildings, or Contaminate may cause inaccurate times.
  • Supply counts are checked every 10 seconds.